 Dungeon Crawl Stone Soup version 0.17.0-19-gb37c632 (console) character file.

1001 Kloppie the Skirmisher (level 8, 0/44 HPs)
             Began as a Vine Stalker Fighter on Nov 12, 2015.
             Was a Follower of Makhleb.
             Succumbed to P0WERM0DE's ghost's poison
             ... on level 6 of the Dungeon.
             The game lasted 00:06:46 (2609 turns).

Kloppie the Skirmisher (Vine Stalker Fighter)       Turns: 2609, Time: 00:06:46

Health: 0/44       AC: 11    Str: 20    XL:     8   Next: 20%
Magic:  0/9        EV:  7    Int:  8    God:    Makhleb [*.....]
Gold:   266        SH:  9    Dex: 15    Spells: 0 memorised, 7 levels left

rFire  . . .     SeeInvis .     a - +0 trident
rCold  . . .     Clarity  .     b - +0 scale mail
rNeg   . . .     SustAt   .     c - +0 shield
rPois  .         Gourm    .     (no helmet)
rElec  .         Spirit   +     (no cloak)
rCorr  .         Warding  .     j - +2 pair of gloves
rMut   .         Stasis   .     x - +0 pair of boots
MR     +....                    (no amulet)
Stlth  ..........               (no ring)
                                (no ring)

@: lethally poisoned (0 -> -10), somewhat resistant to hostile enchantments,
extremely unstealthy
A: fangs 3, regeneration 2, magic shield, antimagic bite, no device heal 3, rot
immunity
a: Renounce Religion


You were on level 6 of the Dungeon.
You worshipped Makhleb.
Makhleb was aware of your devotion.
You were not hungry.

You visited 1 branch of the dungeon, and saw 6 of its levels.

You collected 266 gold pieces.

Inventory:

Hand Weapons
 a - a +0 trident (weapon)
Missiles
 f - 52 poisoned needles
Armour
 b - a +0 scale mail (worn)
 c - a +0 shield (worn)
 j - a +2 pair of gloves (worn)
 p - a +0 plate armour
 q - a +0 chain mail
 x - a +0 pair of boots (worn)
Jewellery
 i - an uncursed amulet of guardian spirit {unknown}
 u - an uncursed ring of flight {unknown}
Wands
 D - a wand of flame (33)
Scrolls
 g - 2 scrolls of amnesia {unknown}
 h - 2 scrolls of identify {unknown}
 r - 2 scrolls of fog {unknown}
 w - a scroll of random uselessness {unknown}
 y - a scroll of teleportation {unknown}
 z - 2 scrolls of recharging {unknown}
 C - a scroll of immolation {unknown}
 F - a scroll of remove curse {unknown}
Potions
 d - 3 potions of might
 l - a potion of haste {unknown}
 n - 2 potions of heal wounds
 o - 2 potions of curing {unknown}
 t - a potion of brilliance {unknown}
 A - 2 potions of agility {unknown}
 B - a potion of magic {unknown}
Comestibles
 e - 6 bread rations
 k - 2 slices of pizza
 m - 4 meat rations
 s - 5 chunks of flesh
 v - a royal jelly
 E - a beef jerky
 G - 3 fruits


   Skills:
 + Level 5.6 Fighting
 + Level 5.0 Polearms
 + Level 5.0 Armour
 - Level 2.6 Shields


You had 7 spell levels left.
You didn't know any spells.

Dungeon Overview and Level Annotations

Branches:
Dungeon (6/15)
 Temple: D:4-7

Altars:
Makhleb
Okawaru
Sif Muna
Trog

Shops:
D:4 (

Portals:
Ossuary: D:5

Annotations:
D:6 P0WERM0DE's ghost, novice HuCK


Innate Abilities, Weirdness & Mutations

You have razor-sharp teeth.
You heal very quickly.
When hurt, damage is shared between your health and your magic reserves.
Your bite disrupts and absorbs the magic of your enemies.
Potions and wands cannot restore your health.
You are immune to rotting.


Message History

You feel very sick.
* * * LOW HITPOINT WARNING * * *
You feel very sick.
The sky beast flickers out of sight!
Deactivating autopickup; reactivate with Ctrl-A.
* * * LOW HITPOINT WARNING * * *
You feel sick.
A sky beast appears from thin air!
Reactivating autopickup.
* * * LOW HITPOINT WARNING * * *
You feel sick.
* * * LOW HITPOINT WARNING * * *
You feel sick.
Drink which item? (? for menu, Esc to quit)
It was a potion of heal wounds.
That seemed strangely inert.
* * * LOW HITPOINT WARNING * * *
You feel sick. P0WERM0DE's ghost hits you.
* * * LOW HITPOINT WARNING * * *
You are electrocuted!
* * * LOW HITPOINT WARNING * * *
You die...

#...'........#
##.###.#.......#
..............#
###.###.......#
#..Y....#
#####.......#
#...z.z........
####W##########
#..@....<#
##########


You could see P0WERM0DE's ghost.

Vanquished Creatures
  The ghost of Kloppie the Skirmisher, an amateur VSFi (D:4)
  A phantom (D:4)
  A centaur (D:6)
  2 ogres (D:4)
  2 giant frogs
  2 scorpions
  A hound (D:3)
  2 orc priests (D:3)
  An iguana (D:4)
  2 orc wizards (D:4)
  Terence (D:3)
  A worker ant (D:4)
  3 adders
  An ooze (D:6)
  3 worms (D:2)
  3 giant geckos (D:3)
  12 orcs
  11 bats
  6 giant cockroaches
  4 goblins
  5 hobgoblins
  5 quokkas
  A giant gecko zombie (D:6)
  8 giant newts
  6 kobolds
  10 rats
95 creatures vanquished.

Notes
Turn   | Place    | Note
--------------------------------------------------------------
     0 | D:1      | Kloppie the Vine Stalker Fighter began the quest for the Orb.
     0 | D:1      | Reached XP level 1. HP: 11/11 MP: 2/2
   184 | D:1      | Reached XP level 2. HP: 16/16 MP: 3/3
   633 | D:2      | Reached skill level 3 in Fighting
   654 | D:2      | Reached XP level 3. HP: 20/20 MP: 4/4
  1099 | D:3      | Noticed Terence
  1104 | D:3      | Killed Terence
  1104 | D:3      | Reached XP level 4. HP: 22/24 MP: 5/5
  1410 | D:3      | Noticed a giant frog
  1420 | D:3      | Killed a giant frog
  1420 | D:3      | Reached XP level 5. HP: 27/29 MP: 6/6
  1547 | D:3      | Reached skill level 4 in Fighting
  1614 | D:3      | Gained mutation: You heal very quickly. [Vine Stalker growth]
  1614 | D:3      | Reached XP level 6. HP: 33/33 MP: 7/7
  1659 | D:3      | Found a burning altar of Makhleb.
  1674 | D:3      | Became a worshipper of Makhleb the Destroyer
  1978 | D:4      | Found Rediomui's Weapon Boutique.
  2048 | D:4      | Reached XP level 7. HP: 23/38 MP: 5/8
  2115 | D:4      | Reached * piety under Makhleb
  2276 | D:4      | Reached skill level 5 in Fighting
  2277 | D:4      | Noticed Kloppie's ghost (amateur VSFi)
  2293 | D:4      | Killed Kloppie's ghost
  2426 | D:5      | Entered Level 5 of the Dungeon
  2431 | D:5      | Found a sand-covered staircase.
  2435 | D:5      | You fall through a shaft!
  2451 | D:6      | Found an iron altar of Okawaru.
  2466 | D:6      | Gained mutation: You have razor-sharp teeth. [Vine Stalker growth]
  2466 | D:6      | Reached XP level 8. HP: 39/43 MP: 9/9
  2520 | D:6      | Reached skill level 5 in Armour
  2529 | D:6      | Found a bloodstained altar of Trog.
  2530 | D:6      | Found a deep blue altar of Sif Muna.
  2569 | D:6      | Reached skill level 5 in Polearms
  2591 | D:6      | Noticed P0WERM0DE's ghost (novice HuCK)
  2608 | D:6      | HP: 1/44 [P0WERM0DE's ghost (3)]
  2609 | D:6      | Succumbed to P0WERM0DE's ghost's poison

Action                   |  1- 3 |  4- 6 |  7- 9 || total
-------------------------+-------+-------+-------++-------
Melee: Trident           |   138 |   156 |   103 ||   397
  Use: Potion            |       |       |     1 ||     1
  Eat: Chunk             |     1 |     3 |     2 ||     6
